 Dungeon Crawl Stone Soup version 0.27.1-4-g1640c2035a (webtiles) character file.

Game seed: 13670369587868787288

365 DearestLeader the Chopper (level 6, -13/56 HPs)
             Began as a Minotaur Fighter on Nov 2, 2021.
             Mangled by an ogre (29 damage)
             ... on level 3 of the Dungeon.
             The game lasted 00:05:18 (3152 turns).

DearestLeader the Chopper (Minotaur Fighter)        Turns: 3152, Time: 00:05:19

Health: -13/56     AC:  7    Str: 23    XL:     6   Next: 40%
Magic:  5/5        EV:  8    Int:  5    God:
Gold:   178        SH: 10    Dex:  9    Spells: 5/5 levels left

rFire    . . .     SeeInvis .   a - +0 war axe
rCold    . . .     Faith    .   c - +0 kite shield
rNeg     . . .     Spirit   .   b - +0 scale mail
rPois    .         Reflect  .   (helmet restricted)
rElec    .         Harm     .   (no cloak)
rCorr    .         Rampage  .   (no gloves)
Will     .....                  (no boots)
Stlth    ..........             (no amulet)
HPRegen  0.18/turn              (no ring)
MPRegen  0.09/turn              (no ring)

@: no status effects
A: horns 2, retaliatory headbutt
a: no special abilities


You were on level 3 of the Dungeon.
You visited 1 branch of the dungeon, and saw 4 of its levels.

You collected 178 gold pieces.

Inventory:

Hand Weapons
 a - a +0 war axe (weapon)
 q - a +0 vorpal glaive
Armour
 b - a +0 scale mail (worn)
 c - a +0 kite shield (worn)
Jewellery
 n - a ring of positive energy
Scrolls
 k - a scroll of teleportation
 l - 2 scrolls of vulnerability
 m - a scroll of holy word {unknown}
 o - a scroll of torment {unknown}
 t - a scroll of fear {unknown}
Potions
 d - 2 potions of might
 e - 2 potions of invisibility
 f - a potion of flight
 g - a potion of ambrosia
 i - 3 potions of degeneration
 j - a potion of haste
 p - a potion of berserk rage {unknown}
 r - a potion of heal wounds {unknown}
 s - a potion of mutation {unknown}


   Skills:
 - Level 5.0 Fighting
 * Level 6.1 Axes
 - Level 4.0 Armour
 + Level 5.3 Shields


You had 5 spell levels left.
You didn't know any spells.
Your spell library contained the following spells:

 Spells                   Type           Power      Damage    Failure   Level
 Animate Skeleton         Necr           0%         N/A       99%         1
 Apportation              Tloc           0%         N/A       99%         1
 Corona                   Hex            0%         N/A       99%         1
 Summon Small Mammal      Summ           0%         N/A       99%         1
 Airstrike                Air            0%         N/A       100%        4
 Summon Lightning Spire   Summ/Air       0%         N/A       100%        4
 Lightning Bolt           Conj/Air       0%         1d11      100%        5
 Conjure Ball Lightning   Conj/Air       0%         3x3d6     100%        6
 Discord                  Hex            0%         N/A       100%        8
 Disjunction              Tloc           0%         N/A       100%        8


Dungeon Overview and Level Annotations

Branches:
Dungeon (4/15)
 Temple: D:4-7

Altars:

Shops:
D:3 =


Innate Abilities, Weirdness & Mutations

You have a pair of horns on your head.
You reflexively headbutt those who attack you in melee.


Message History

Found a scroll labelled RASEIDGHUHO.
h - 6 scrolls labelled RASEIDGHUHO (gained 1)
Things that are here:
a +0 short sword; a stone Done exploring.
As you read the scroll labelled RASEIDGHUHO, it crumbles to dust.
It is a scroll of identify.
i - 3 potions of degeneration
As you read the scroll of identify, it crumbles to dust.
f - a potion of flight
As you read the scroll of identify, it crumbles to dust.
l - 2 scrolls of vulnerability
As you read the scroll of identify, it crumbles to dust.
k - a scroll of teleportation
As you read the scroll of identify, it crumbles to dust.
g - a potion of ambrosia
As you read the scroll of identify, it crumbles to dust.
j - a potion of haste
There is a stone staircase leading up here.
You climb upwards.
The ogre hits you with a +0 giant club!!
There is a stone staircase leading down, spattered with blood here.
You slash the ogre!
The ogre is moderately wounded.
The ogre hits you with a +0 giant club!
You are too injured to fight recklessly!
You are too injured to fight recklessly!
You slash the ogre!
The ogre is heavily wounded.
The ogre hits you with a +0 giant club!
* * * LOW HITPOINT WARNING * * *
The ogre barely misses you.
You slash the ogre!
The ogre is almost dead.
You block the ogre's attack.
You barely miss the ogre.
The ogre is almost dead.
The ogre hits you with a +0 giant club!!
Ouch! That really hurt!
You die...

# #...# ####.##.####.###.# #
#...# .........##......#
###...######.###.##......###.#
.........................###.#
.####.######.###.##......#...#
.## #†# #.# #.##.....>....####
..###.# #.###.###.#..##......#
#.....######.##.........#######.#
................@.......# #.#
....^.#.###......O......# #.#
##................####.########.#
##.####.###.....#.# #.##.......#
##.## #.###..####.####O##.###.###
....# #.......(........##.# #.#
....###.###.#####.####....# #.#
.....##.# #.........#####O# #.#
.....##.# #.........# #[# #.#


You could see an ogre.

Vanquished Creatures
  A necrophage (D:4)
  A howler monkey (D:4)
  A jelly (D:4)
  A centaur skeleton (D:4)
  Robin (D:4)
  4 gnolls
  5 adders
  2 worms
  2 dart slugs (D:1)
  An orc (D:4)
  6 endoplasms
  3 giant cockroaches
  17 goblins
  9 hobgoblins
  2 jackals (D:2)
  2 quokkas (D:2)
  7 ball pythons
  4 bats
  5 frilled lizards
  6 kobolds
  4 rats
84 creatures vanquished.

Notes
Turn   | Place    | Note
-------+----------+-------------------------------------------
     0 | D:1      | DearestLeader the Minotaur Fighter began the quest for the
                  | Orb.
     0 | D:1      | Reached XP level 1. HP: 19/19 MP: 0/0
   286 | D:1      | Reached XP level 2. HP: 24/27 MP: 1/1
   350 | D:1      | Reached skill level 3 in Axes
   557 | D:1      | Found a faded altar of an unknown god.
   712 | D:1      | Reached XP level 3. HP: 33/33 MP: 2/2
  1150 | D:2      | Reached XP level 4. HP: 37/40 MP: 3/3
  1198 | D:2      | Reached skill level 4 in Axes
  1686 | D:3      | Found Ynle's Jewellery Shoppe.
  2318 | D:3      | Reached XP level 5. HP: 37/47 MP: 4/4
  2422 | D:3      | Noticed an ogre
  2473 | D:4      | Noticed a necrophage
  2482 | D:4      | Killed a necrophage
  2483 | D:4      | Reached skill level 5 in Axes
  2556 | D:4      | Reached skill level 5 in Fighting
  2556 | D:4      | Reached skill level 5 in Shields
  2612 | D:4      | Reached XP level 6. HP: 54/56 MP: 5/5
  2671 | D:4      | Noticed Robin
  2691 | D:4      | Killed Robin
  2692 | D:4      | Reached skill level 6 in Axes
  3152 | D:3      | Mangled by an ogre

Illustrated notes

Levels and vault maps discovered:
D:1:      dpeg_arrival_concentric_ovals, layout_basic,
          shapermc_ecumenical_altar_totnotflames, chequers_garden
D:2:      layout_rooms
D:3:      layout_basic, serial_shops, shop
D:4:      layout_rooms, uniq_robin

Skill      XL: |  1  2  3  4  5  6 |
---------------+-------------------+-----
Axes           | 3 4 5 6 |  6.1
Armour         | 4 |  4.0
Fighting       | 4 5 |  5.0
Shields        | 4 5 |  5.3

Action                   |  1- 3 |  4- 6 || total
-------------------------+-------+-------++-------
Melee: War axe           |    66 |   119 ||   185
       Headbutt          |     9 |    14 ||    23
  Use: Scroll            |       |     6 ||     6
Armor: Scale mail        |    30 |    72 ||   102
Dodge: Dodged            |    22 |    36 ||    58
Block: Kite shield       |    20 |    80 ||   100
